 Dungeon Crawl Stone Soup version 0.29-a0-993-g4a18f31a58 (webtiles) character file.

Game seed: 2067026765945016672

45 kae the Insei (level 3, -2/29 HPs)
             Began as a Demonspawn Monk on Aug 2, 2022.
             Slain by a gnoll
             ... wielding a +0 halberd
              (7 damage)
             ... on level 2 of the Dungeon.
             The game lasted 00:00:57 (2123 turns).

kae the Insei (Demonspawn Monk)                     Turns: 2123, Time: 00:00:58

Health: -2/29      AC:  3    Str: 11    XL:     3   Next: 42%
Magic:  3/3        EV: 13    Int: 11    God:
Gold:   32         SH:  0    Dex: 17    Spells: 2/2 levels left

rFire   . . .      SeeInvis .     - Unarmed
rCold   . . .      Faith    .   (no shield)
rNeg    . . .      Spirit   .   a - +0 robe
rPois   .          Reflect  .   (no helmet)
rElec   .          Harm     .   (no cloak)
rCorr   .          Rampage  .   (no gloves)
Will    .....                   k - +0 pair of boots
Stlth   ++........              (no amulet)
HPRegen 0.09/turn               (no ring)
MPRegen 0.08/turn               (no ring)

@: no status effects
A: demonic magic 1
a: no special abilities


You were on level 2 of the Dungeon.
You visited 1 branch of the dungeon, and saw 2 of its levels.

You collected 49 gold pieces.
You spent 17 gold pieces at shops.


Innate Abilities, Weirdness & Mutations

Spells you cast may paralyse adjacent enemies.


   Skills:
 - Level 3.0 Fighting
 - Level 2.6 Dodging
 - Level 1.7 Stealth
 + Level 4.1 Unarmed Combat


You had 2 spell levels left.
You didn't know any spells.
Your spell library contained the following spells:

 Spells                   Type           Power      Damage    Failure   Level
 Stone Arrow              Conj/Erth      0%         3d7       71%         3
 Animate Armour           Summ/Erth      0%         N/A       98%         4
 Blade Hands              Tmut           0%         N/A       100%        5
 Irradiate                Conj/Tmut      0%         3d11      100%        5
 Dragon Form              Tmut           0%         N/A       100%        7
 Lehudib's Crystal Spear  Conj/Erth      0%         10d2      100%        8

Inventory:

Missiles
 c - 26 stones (quivered)
Armour
 a - a +0 robe (worn)
 k - a +0 pair of boots (worn)
   (You found it on level 2 of the Dungeon)
Scrolls
 e - a scroll of poison {unknown}
 g - a scroll of fear {unknown}
 h - a scroll of noise {unknown}
 j - a scroll of silence {unknown}
Potions
 b - a potion of ambrosia
 d - a potion of flight {unknown}
 f - 2 potions of degeneration {unknown}
 i - a potion of curing {unknown}

Dungeon Overview and Level Annotations

Branches:
Dungeon (2/15) Zot: 9881

Altars:

Shops:
D:1

* ### .... #.#.##.# ..#
#... #.#.##.# ..#
#..##########.#.##.# ..##
#..#...<...##.#.##.# ...#
#.............#.##.# ...#
#.##.#####.####.##.# ...#
#.##.# #.# #....# ..†#
########.##.#####.# ####.#
##.#
#.....##.##@#.....#######.#
#.# #.#
#.#...g...............#
##.###.#
#.......#.##########..#
.......###.#..####.# #..#
..$>†....)....# #.# #..#
##.########...# #.# #..#
...# #...####.####### #..#
##.# #..............####..#
#.# #..##..........>.....#


You could see a gnoll.


Message History

You take 2 damage, and now have 27/29 hp.
You hit the goblin. The goblin barely misses you.
You hit the goblin.
You kill the goblin!
No target in view!
No target in view!
No target in view!
No target in view!
You start putting on your armour.
You continue putting on your +0 pair of boots. x4
You finish putting on your +0 pair of boots. 😕 HP[+1] No target in view!
No target in view!
You now have 32 gold pieces (gained 9).
You see here a +0 dagger.
A bat comes into view.
There is a stone staircase leading down here. 😎 HP[+1]
Your hp is fully restored (29).
A bat is nearby!
A bat is nearby!
A kobold comes into view. It is wielding a +0 dagger.
An endoplasm comes into view.
There are monsters nearby!
The helpless bat fails to defend itself.
You punch the bat!
You kill the bat!
There are monsters nearby!
The kobold throws a stone.
The stone barely misses you.
There are monsters nearby!
You closely miss the kobold. The kobold closely misses you.
The endoplasm misses you.
You hit the kobold.
You kill the kobold!
The endoplasm completely misses you.
You hit the endoplasm.
You kill the endoplasm!
The hobgoblin shouts!
The gnoll shouts!
The goblin shouts!
No reachable target in view!
No reachable target in view!
No reachable target in view!
No reachable target in view!
No reachable target in view!
The ball python hisses angrily.
c - 26 stones (gained 1)
Things that are here:
a +0 dagger; a kobold corpse A bat is nearby!
A bat is nearby!
No reachable target in view!
No reachable target in view!
A bat is nearby!
No reachable target in view!
No reachable target in view!
A bat is nearby!
No reachable target in view!
No reachable target in view!
A bat is nearby!
No reachable target in view!
No reachable target in view!
A bat is nearby!
No reachable target in view!
No reachable target in view!
A bat is nearby!
No reachable target in view!
No reachable target in view!
You see here a bat corpse.
The bat hits you but does no damage. The bat attacks as you move away!
The bat hits you but does no damage. The bat barely misses you.
The bat closely misses you. The bat misses you.
You hit the bat.
You kill the bat!
No target in view!
No target in view!
No target in view!
No target in view!
No target in view!
You start waiting.
A gnoll is nearby!
The gnoll closely misses you. The gnoll barely misses you.
You see here a +0 dagger.
The gnoll closely misses you. The gnoll completely misses you.
You barely miss the gnoll. The gnoll hits you with a +0 halberd.
You hit the gnoll.
The gnoll hits you with a +0 halberd. 😮 HP[-11]
You take 11 damage, and now have 18/29 hp.
MASSIVE DAMAGE!! (PAUSE)
You hit the gnoll. You punch the gnoll. The gnoll closely misses you.
You hit the gnoll. The gnoll hits you with a +0 halberd!
* * * LOW HITPOINT WARNING * * *
😱 HP[-13]
You take 13 damage, and now have 5/29 hp.
MASSIVE DAMAGE!! (PAUSE) Unknown command.
You hit the gnoll. The gnoll hits you with a +0 halberd!
You die...

Skill      XL: |  1  2  3 |
---------------+----------+-----
Unarmed Combat | 3 4 |  4.1
Fighting       | |  3.0
Dodging        | |  2.6
Stealth        | |  1.7

Action                   || total
-------------------------++-------
Melee: Unarmed           ||   120
       Punch             ||     3
 Stab: Sleeping          ||    10
Armor: Robe              ||     8
Dodge: Dodged            ||    69

Levels and vault maps discovered:
D:1:      reono_arrival_forest_river, layout_loops_corners, serial_shops,
          nicolae_shop_competitors_out_of_business
D:2:      layout_loops_ring, basic_ecumenical_altar, minmay_joined_circles

Notes
Turn   | Place    | Note
-------+----------+-------------------------------------------
     0 | D:1      | kae the Demonspawn Monk began the quest for the Orb.
     0 | D:1      | Reached XP level 1. HP: 18/18 MP: 1/1
     0 | D:1      | magus.rc [v1.11.3]
   184 | D:1      | Reached skill level 3 in Unarmed Combat
   553 | D:1      | Gained mutation: Spells you cast may paralyse adjacent
                  | enemies. [demonic ancestry]
   553 | D:1      | Reached XP level 2. HP: 9/24 MP: 2/2
   708 | D:1      | You pick up a book of Transfigurations and begin reading...
   708 | D:1      | You add the spells Irradiate, Blade Hands and Dragon Form
                  | to your library.
   798 | D:1      | You pick up a book of Armaments and begin reading...
   798 | D:1      | You add the spells Stone Arrow, Animate Armour and
                  | Lehudib's Crystal Spear to your library.
   851 | D:1      | Found Cymeblou's Assorted Antiques.
   865 | D:1      | Bought a viscous green potion for 17 gold pieces
  1373 | D:1      | Reached XP level 3. HP: 21/29 MP: 3/3
  1955 | D:2      | Reached skill level 4 in Unarmed Combat
  2122 | D:2      | HP: 5/29 [gnoll/+0 halberd (14)]
  2123 | D:2      | Slain by a gnoll

Vanquished Creatures
  2 dart slugs (D:1)
  2 ball pythons (D:2)
  4 bats
  3 endoplasms
  4 goblins
  8 hobgoblins
  5 kobolds
  3 quokkas (D:1)
  2 frilled lizards (D:1)
  2 rats (D:1)
35 creatures vanquished.

Table legend:
 A = Non-vault XP
 B = Vault XP
 C = Vault XP percentage of total XP
 D = Non-vault monster count
 E = Vault monster count
 F = Vault count percentage of total count
                 A         B        C        D         E       F
            +---------+---------+-------+---------+---------+-------
      Total |      64 |       1 |   1.5 |      34 |       1 |   2.9
            +---------+---------+-------+---------+---------+-------
        D:1 |      51 |       0 |   0.0 |      26 |       0 |   0.0
        D:2 |      13 |       1 |   7.1 |       8 |       1 |  11.1
            +---------+---------+-------+---------+---------+-------

Illustrated notes

Table legend:
 A = Kills in this place as a percentage of kills in entire the game.
 B = Kills by you in this place as a percentage of kills by you in the entire game.
 C = Kills by friends in this place as a percentage of kills by friends in the entire game.
 D = Other kills in this place as a percentage of other kills in the entire game.
 E = Experience gained in this place as a percentage of experience gained in the entire game.
 F = Experience gained in this place divided by the number of levels of this place that you have seen.
                   A       B       C       D       E      F
               +-------+-------+-------+-------+-------+----------------------
         Total | 100.0 | 100.0 |   N/A |   N/A | 100.0 |  32.5
       Dungeon | 100.0 | 100.0 |   N/A |   N/A | 100.0 |  32.5
               +-------+-------+-------+-------+-------+----------------------

Table legend: (Time is in decaauts)
 A = Elapsed time spent in this place.
 B = Non-inter-level travel time spent in this place.
 C = Inter-level travel time spent in this place.
 D = Time resting spent in this place.
 E = Time spent auto-exploring this place.
 F = Levels seen in this place.
 G = Mean time per level.
                   A        B        C        D        E       F      G
               +--------+--------+--------+--------+--------+-----+--------+
         Total |   2117 |   2105 |     12 |    389 |   1434 |   2 | 1058.5 |
       Dungeon |   2117 |   2105 |     12 |    389 |   1434 |   2 | 1058.5 |
               +--------+--------+--------+--------+--------+-----+--------+

Top non-repeatable levels by time:
     D:1: 1890 daAuts
     D:2: 227 daAuts
